 Dungeon Crawl Stone Soup version 0.21.0-37-g46506fa5f3 (webtiles) character file.

162 dongersgirl the Shield-Bearer (level 5, -9/46 HPs)
             Began as a Minotaur Fighter on Jan 30, 2018.
             Mangled by an ogre
             ... wielding a +0 giant spiked club
              (14 damage)
             ... on level 4 of the Dungeon.
             The game lasted 00:07:58 (1597 turns).

dongersgirl the Shield-Bearer (Minotaur Fighter)    Turns: 1597, Time: 00:07:58

Health: -9/46      AC: 12    Str: 22    XL:     5   Next: 19%
Magic:  4/4        EV:  6    Int:  5    God:
Gold:   94         SH:  9    Dex:  9    Spells: 4/4 levels left

rFire    + . .     SeeInvis .   a - +1 war axe
rCold    . . .     Gourm    .   c - +0 shield
rNeg     . . .     Faith    .   g - +2 chain mail {rF+}
rPois    .         Spirit   .   (helmet restricted)
rElec    .         Reflect  .   (no cloak)
rCorr    .         Harm     .   h - +0 pair of gloves
MR       .....                  (no boots)
Stlth    ..........             (no amulet)
HPRegen  0.15/turn              (no ring)
MPRegen  0.09/turn              (no ring)

@: no status effects
A: retaliatory headbutt, horns 2
a: no special abilities


You were on level 4 of the Dungeon.
You were not hungry.

You visited 1 branch of the dungeon, and saw 3 of its levels.

You collected 94 gold pieces.

Inventory:

Hand Weapons
 a - a +1 war axe (weapon)
 l - a +0 club
Missiles
 j - 27 sling bullets
 n - 10 stones (quivered)
Armour
 b - a +0 scale mail
 c - a +0 shield (worn)
 g - a +2 chain mail of fire resistance (worn)
 h - a +0 pair of gloves (worn)
Scrolls
 e - a scroll of enchant weapon
Potions
 d - a potion of might
 i - a potion of flight {unknown}
 k - 3 potions of agility {unknown}
Comestibles
 m - 3 rations


   Skills:
 + Level 4.3 Fighting
 + Level 4.2 Axes
 + Level 4.7 Armour
 + Level 0.3 Dodging
 + Level 4.8 Shields


You had 4 spell levels left.
You didn't know any spells.

Dungeon Overview and Level Annotations

Branches:
Dungeon (2/15)

Altars:


Innate Abilities, Weirdness & Mutations

You reflexively headbutt those who attack you in melee.
You have a pair of horns on your head.


Message History

The ogre hits you with a giant spiked club!!
Ouch! That really hurt!
Your shield and chain mail prevent you from hitting the ogre.
The ogre is heavily wounded.
Your shield and chain mail prevent you from hitting the ogre.
You block the ogre's attack.
The ogre hits you with a giant spiked club.
* * * LOW HITPOINT WARNING * * *
The ogre hits you with a giant club.
* * * LOW HITPOINT WARNING * * *
You slash the ogre!
You kill the ogre!
Your Axes skill increases to level 4!
You have reached level 5!
You hit the ogre. The ogre barely misses you. You furiously retaliate!
You headbutt the ogre, but do no damage.
You slash the ogre! You headbutt the ogre.
The ogre is severely wounded.
The ogre hits you with a giant spiked club!
You die...

##.......##
##.........#.
#............
##............
#...........#
...
##..........#
....
#......)O...#
....#
#......@...#
#...
#..........#
#..##.........##
#..#........##
#....#######
#...### #.....#
##.#....#
#..###......


You could see an ogre.

Vanquished Creatures
  An ogre (D:4)
  Robin (D:2)
  2 adders (D:2)
  2 leopard geckos
  A giant cockroach (D:1)
  16 goblins
  5 hobgoblins
  2 kobolds
  A quokka (D:2)
  A ball python (D:1)
  3 bats
  3 frilled lizards (D:2)
  A rat (D:1)
  2 plants (D:1)
41 creatures vanquished.

Notes
Turn   | Place    | Note
-------+----------+-------------------------------------------
     0 | D:1      | dongersgirl the Minotaur Fighter began the quest for the Orb.
     0 | D:1      | Reached XP level 1. HP: 19/19 MP: 0/0
   292 | D:1      | Reached XP level 2. HP: 27/27 MP: 1/1
   999 | D:2      | Noticed Robin
  1004 | D:2      | Killed Robin
  1004 | D:2      | Reached XP level 3. HP: 31/33 MP: 2/2
  1420 | D:2      | Reached XP level 4. HP: 40/40 MP: 3/3
  1537 | D:2      | You fall through a shaft for 2 floors!
  1586 | D:4      | Noticed an ogre
  1590 | D:4      | Noticed an ogre
  1596 | D:4      | Killed an ogre
  1596 | D:4      | Reached XP level 5. HP: 4/46 MP: 4/4
  1597 | D:4      | Mangled by an ogre

Skill      XL: |  1  2  3  4 |
---------------+-------------+-----
Armour         | 4 |  4.7
Shields        | 4 |  4.8
Fighting       | 4 |  4.3
Axes           | 3 4 |  4.2
Dodging        | |  0.3

Action                   |  1- 3 |  4- 6 || total
-------------------------+-------+-------++-------
Melee: War axe           |   114 |    17 ||   131
       Headbutt          |    24 |     4 ||    28
  Use: Scroll            |     3 |       ||     3
  Eat: Ration            |     1 |       ||     1
Armor: Scale mail        |     3 |       ||     3
       Chain mail        |    40 |     2 ||    42
Dodge: Dodged            |    17 |     7 ||    24
Block: Shield            |    37 |    10 ||    47
